 Dungeon Crawl Stone Soup version 0.29-a0-1061-gbc57f8fbdb (webtiles) character file.

Game seed: 15281946670385456526

3 Plasmagod the Ruffian (level 1, 0/16 HPs)
             Began as a Draconian Transmuter on Aug 18, 2022.
             Slain by a ball python (2 damage)
             ... on level 1 of the Dungeon.
             The game lasted 00:00:21 (67 turns).

Plasmagod the Ruffian (Draconian Transmuter)          Turns: 67, Time: 00:00:22

Health: 0/16       AC:  4    Str: 12    XL:     1   Next: 41%
Magic:  3/3        EV:  9    Int: 13    God:
Gold:   0          SH:  0    Dex: 11    Spells: 3/4 levels left

rFire   . . .      SeeInvis .     - Unarmed
rCold   . . .      Faith    .   (no shield)
rNeg    . . .      Spirit   .   (body armour unavailable)
rPois   .          Reflect  .   (helmet restricted)
rElec   .          Harm     .   (no cloak)
rCorr   .          Rampage  .   (no gloves)
Will    .....                   (no boots)
Stlth   +.........              (no amulet)
HPRegen 0.05/turn               (no ring)
MPRegen 0.08/turn               (no ring)

@: constricted
A: AC +4, unfitting armour, cold-blooded
a: no special abilities


You were on level 1 of the Dungeon.
You visited 1 branch of the dungeon, and saw 1 of its levels.

Inventory:

Potions
 a - a potion of lignification


   Skills:
 - Level 1.1 Fighting
 - Level 1.7 Dodging
 + Level 3.2 Unarmed Combat
 - Level 2.0 Spellcasting
 - Level 2.0 Transmutations


You had 3 spell levels left.
You knew the following spells:

 Your Spells              Type           Power      Damage    Failure   Level
a - Beastly Appendage     Tmut           12%        N/A       11%         1

Your spell library contained the following spells:

 Spells                   Type           Power      Damage    Failure   Level
 Wereblood                Tmut           6%         N/A       17%         2
 Spider Form              Tmut/Pois      3%         N/A       45%         3
 Ice Form                 Ice/Tmut       3%         N/A       86%         4


Dungeon Overview and Level Annotations

Branches:
Dungeon (1/15)

Altars:


Innate Abilities, Weirdness & Mutations

Your plain brown scales are hard. (AC +4)
You cannot fit into any form of body armour.
You are cold-blooded and may be slowed by cold attacks.


Message History

You are too injured to fight recklessly!
You hit the quokka but do no damage.
The quokka is severely wounded.
Your horns disappear.
Your talons disappear.
The ball python barely misses you. The ball python closely misses you.
The quokka bites you but does no damage.
A goblin comes into view. It is wielding a +0 dagger.
The rat bites you but does no damage.
You hit the quokka.
You kill the quokka!
The ball python barely misses you. The ball python grabs you.
The ball python constricts you.
A bat comes into view.
The rat bites you but does no damage.
The ball python bites you but does no damage.
The ball python constricts you.
You hit the quokka but do no damage.
Your tail-slap misses the quokka.
The quokka twitches its whiskers.
The quokka bites you.
The ball python bites you but does no damage.
The ball python constricts you.
* * * LOW HITPOINT WARNING * * *
The rat barely misses you.
You barely miss the quokka.
Your tail-slap misses the quokka.
The quokka barely misses you. The ball python barely misses you.
The ball python constricts you. The rat bites you but does no damage.
You barely miss the quokka. The bat closely misses you.
The quokka bites you but does no damage.
The ball python bites you but does no damage.
The ball python constricts you. The rat bites you.
* * * LOW HITPOINT WARNING * * *
The quokka misses you.
You closely miss the quokka. The bat barely misses you.
The ball python closely misses you. The ball python constricts you.
The rat closely misses you.
The quokka bites you but does no damage.
You closely miss the quokka. You tail-slap the quokka.
The quokka is heavily wounded.
The bat completely misses you. The ball python bites you.
You die...

#.....'..♣.# ...
#....b.......# #~#.♣♣
#.##.#..S...... ##†♣♣
#.#....@rg#.#.
...#######.#.##..r......
...........#.....#g#.#.#
...........#.###.......
...........#. #.#.#.#.#
...........#. #.....>.
..........>.. #.. # #..
############## #.. ..


You could see a quokka, 2 goblins, a bat, a ball python and a rat.

Vanquished Creatures
  A ball python (D:1)
  A quokka (D:1)
  A rat (D:1)
3 creatures vanquished.

Notes
Turn   | Place    | Note
-------+----------+-------------------------------------------
     0 | D:1      | Plasmagod the Draconian Transmuter began the quest for the
                  | Orb.
     0 | D:1      | Reached XP level 1. HP: 16/16 MP: 3/3
    67 | D:1      | Slain by a ball python

Illustrated notes

Levels and vault maps discovered:
D:1:      saegor_arrival_under_anarchy, layout_basic,
          shapermc_ecumenical_altar_pompeii, st_stairs_2

Action                   || total
-------------------------++-------
Melee: Unarmed           ||    20
       Kick              ||     2
       Headbutt          ||     1
       Tailslap          ||     1
 Cast: Beastly Appendage ||     2
Armor: Skin              ||    15
Dodge: Dodged            ||    30

Table legend: (Time is in decaauts)
 A = Elapsed time spent in this place.
 B = Non-inter-level travel time spent in this place.
 C = Inter-level travel time spent in this place.
 D = Time resting spent in this place.
 E = Time spent auto-exploring this place.
 F = Levels seen in this place.
 G = Mean time per level.
                   A        B        C        D        E       F      G
               +--------+--------+--------+--------+--------+-----+--------+
         Total |     66 |     66 |      0 |      0 |     39 |   1 |   66.0 |
       Dungeon |     66 |     66 |      0 |      0 |     39 |   1 |   66.0 |
               +--------+--------+--------+--------+--------+-----+--------+

Top non-repeatable levels by time:
     D:1: 66 daAuts
